 Dungeon Crawl Stone Soup version 0.19.5 (webtiles) character file.

247307 epen the Fencer (level 19, -20/137 HPs)
             Began as a Demonspawn Abyssal Knight on Aug 4, 2017.
             Was the Champion of Lugonu.
             Killed from afar by a deep elf knight (21 damage)
             ... with an orb of energy
             ... on level 2 of the Elven Halls.
             The game lasted 01:57:24 (40060 turns).

epen the Fencer (Demonspawn Abyssal Knight)        Turns: 40060, Time: 01:57:25

Health: -20/137    AC: 35    Str: 21    XL:     19   Next: 22%
Magic:  31/31      EV: 15    Int: 11    God:    Lugonu [******]
Gold:   1696       SH:  0    Dex: 13    Spells: 0 memorised, 18 levels left

rFire  . . .     SeeInvis +     y - +2 triple sword (drain)
rCold  + + +     Gourm    .     L - +12 ice dragon scales of Weusmid {rF- rC++ rCorr SInv Stlth+}
rNeg   . . .     Faith    .     (shield currently unavailable)
rPois  .         Spirit   .     x - +1 hat
rElec  .         Reflect  .     t - +1 cloak
rCorr  +         Harm     .     X - +2 pair of gloves
MR     ++...     Clarity  +     (boots unavailable)
Stlth  ..........               j - amulet of regeneration
                                q - +6 ring of slaying
                                S - ring of protection from fire

@: very slightly contaminated, heavily drained
A: hooves 3, horns 1, icy blue scales 3, clarity, demonic guardian 3, dopey 1,
frail 1, magic resistance 1, powered by pain 3, evolution 1
a: Depart the Abyss, Bend Space, Banish, Corrupt, Enter the Abyss, Brand Weapon
With Distortion, Renounce Religion
}: 1/15 runes: barnacled


You were on level 2 of the Elven Halls.
You worshipped Lugonu.
Lugonu was exalted by your worship.
You were not hungry.

You visited 6 branches of the dungeon, and saw 32 of its levels.
You visited the Abyss 2 times.
You visited 2 bazaars.
You also visited: Labyrinth and Ice Cave.

You collected 3268 gold pieces.
You spent 1572 gold pieces at shops.

Inventory:

Hand Weapons
 y - a +2 triple sword of draining (weapon)
Missiles
 f - 3 throwing nets (quivered)
Armour
 o - a +0 buckler
 t - a +1 cloak (worn)
 x - a +1 hat (worn)
 L - the +12 ice dragon scales of Weusmid (worn) {rF- rC++ rCorr SInv Stlth+}
   (You found it in an ice cave)

   It makes you vulnerable to fire.
   It greatly protects you from cold.
   It lets you see invisible.
   It protects you from acid and corrosion.
   It makes you more stealthy.
 X - a +2 pair of gloves (worn)
Jewellery
 j - an amulet of regeneration (around neck)
 q - a +6 ring of slaying (right hand)
 s - an uncursed ring of see invisible
 z - an uncursed ring of poison resistance
 H - the amulet "Qaerhog" {Harm *Drain MR++ Slay+2}
   (You found it in a labyrinth)

   [amulet of harm]

   It increases damage dealt and taken.
   It affects your accuracy and damage with ranged weapons and melee attacks
   (+2).
   It affects your resistance to hostile enchantments.
   It causes draining when unequipped.
 S - a ring of protection from fire (left hand)
 T - an uncursed ring of protection from fire
 Z - an uncursed ring of protection from cold
Wands
 C - a wand of teleportation (2/9)
 K - a wand of disintegration (9/24)
 M - a wand of teleportation (5/9)
Scrolls
 e - 3 scrolls of magic mapping
 i - 9 scrolls of teleportation
 k - 5 scrolls of enchant armour
 l - 4 scrolls of blinking
 A - 4 scrolls of immolation
 F - 6 scrolls of enchant weapon
 I - 11 scrolls of remove curse
 N - 5 scrolls of fear
 O - a scroll of amnesia
 P - 3 scrolls of recharging
 U - 8 scrolls of fog
 Y - 11 scrolls of identify
Potions
 b - 5 potions of might
 d - 9 potions of curing
 h - 2 potions of brilliance
 m - 2 potions of berserk rage
 n - a potion of cure mutation
 v - 4 potions of haste
 w - a potion of resistance
 B - 5 potions of ambrosia
 E - 4 potions of agility
 G - 13 potions of flight
 J - 5 potions of heal wounds
 V - 2 potions of cancellation
Miscellaneous
 R - a fan of gales
 W - a phial of floods
Comestibles
 a - 4 slices of pizza
 c - 26 bread rations
 g - 14 beef jerkies
 p - 7 royal jellies
 r - 2 chunks of flesh
 u - 9 meat rations
 D - 43 fruits


   Skills:
 + Level 14.6(11.2) Fighting
 * Level 17.7(14.0) Long Blades
 + Level 13.2(9.8) Armour
 + Level 13.2(9.8) Dodging
 + Level 7.1(4.2) Shields
 + Level 17.7(14.0) Invocations


You had 18 spell levels left.
You didn't know any spells.

Dungeon Overview and Level Annotations

Branches:
Dungeon (15/15)            Temple (0/1) D:4            Lair (6/6) D:11
 Shoals (4/4) Lair:3        Snake (0/4) Lair:2        Slime (0/5) Lair:5
    Orc (2/2) D:9             Elf (2/3) Orc:2        Vaults (3/5) D:14
  Crypt (0/3) Vaults:2     Depths (0/5) D:15

Altars:
Dithmenos
Fedhas
Gozag
Kikubaaqudgha
Makhleb
Nemelex Xobeh
Ru
Uskayaw
Vehumet
Xom
Yredelemnul
The Shining One
Beogh
Jiyva

Shops:
D:7 ?   D:13 :=   D:14 *   Orc:1 !   Orc:2 }%[%   Elf:1 [   Shoals:4 :

Portals:
Trove: D:10 (give 15 scrolls of teleportation)

Annotations:
Elf:2 1 runed door
Abyss:1 Azrael, Donald, Polyphemus


Innate Abilities, Weirdness & Mutations

You have hooves in place of feet.
You are completely covered in icy blue scales. (AC +4, rC+)
A powerful demonic guardian rushes to your aid.
You are powered by pain.
You have a pair of small horns on your head.
You possess an exceptional clarity of mind.
You are dopey. (Int -2)
You are frail. (-10% HP)
You are resistant to hostile enchantments. (MR+)
You evolve.


Message History

The deep elf knight is heavily wounded.
The deep elf knight hits you but does no damage.
The vampiric lajatang hits you!!
* * * LOW HITPOINT WARNING * * *
The deep elf knight hits you with a short sword.
* * * LOW HITPOINT WARNING * * *
The vampiric lajatang hits you!!
* * * LOW HITPOINT WARNING * * *
The vampiric lajatang draws strength from your wounds!
Blink to where?
Press: ? - help, Dir - move target cursor You are very lightly contaminated with residual magic.
As you read the scroll of blinking, it crumbles to dust.
A long sword of protection comes into view.
The deep elf knight casts a spell at you.
The orb of energy hits you!
* * * LOW HITPOINT WARNING * * *
The deep elf knight points at you and mumbles some strange words.
The orb of energy hits you!
You die...

*,,,,***,,,,,,,,,,,,***,
#...** **......,,,,** **
#...** *#......,,,,,***,
#....* *.......,,,,,,*,,
#...(###.......,,,,,,,,,
#.....#........,,,,,,,,,
#..............,,,,,,,,,
#..............,,,,,,,,,
#......@.......,,,,,,,,,
#.......................
#.......................
#.....#.................
#....###................
#..(.* #.............#..
#..e#* *#...........#*#.
#..ยง## ##.......)..##
##
#....###............###.


You could see a deep elf knight and 2 dancing weapons.

Vanquished Creatures
  Boris (Vaults:3)
  A sphinx (Vaults:2)
  Ilsuiw (Shoals:4)
  2 deep elf sorcerers
  4 vault wardens
  4 stone giants
  4 ironheart preservers
  A very ugly thing (Vaults:2)
  A deep elf demonologist (Vaults:1)
  A deep elf annihilator (Vaults:1)
  4 merfolk javelineers
  An ettin (Vaults:3)
  Snorg (D:14)
  A minotaur (Lab)
  A great orb of eyes (Vaults:1)
  3 fire dragons
  Fannar (Lair:3)
  4 deep elf death magi
  5 merfolk impalers
  6 yaktaur captains
  A rakshasa (Vaults:3)
  4 ice dragons
  2 catoblepae
  An ice dragon (shapeshifter) (D:15)
  A naga warrior (Abyss:3)
  6 hydras
  7 centaur warriors
  4 merfolk avatars
  4 merfolk aquamancers
  2 alligator snapping turtles
  2 death knights
  A tengu warrior (D:12)
  3 ogre magi
  20 dancing weapons
  2 death yaks (Shoals:4)
  A satyr (Shoals:2)
  3 orc high priests (Orc:2)
  19 deep elf knights
  A shock serpent (shapeshifter) (Vaults:1)
  A soul eater (Vaults:2)
  Nergalle (Orc:1)
  2 skeletal warriors (Vaults:2)
  A fire crab (shapeshifter) (Vaults:3)
  4 unseen horrors
  4 deep trolls (Vaults:2)
  13 sea snakes
  4 wizards
  10 deep elf archers
  3 flayed ghosts
  A tengu zombie (Vaults:3)
  9 ironbrand convokers
  A large abomination (Elf:1)
  11 orc knights
  8 hill giants
  20 harpies
  A wolf spider zombie (D:15)
  2 human zombies (Vaults:3)
  2 phantasmal warriors
  4 necromancers
  2 orb spiders (shapeshifter)
  A salamander (shapeshifter) (Vaults:1)
  3 orc sorcerers (Orc:2)
  39 deep elf magi
  32 ugly things
  A manticore (shapeshifter) (Vaults:1)
  15 manticores
  3 fauns (Shoals:2)
  11 cyclopes
  An elephant (shapeshifter) (Elf:2)
  6 slime creatures
  7 sirens
  A black mamba (shapeshifter) (Vaults:3)
  7 black mambas
  7 water nymphs
  Joseph (D:7)
  A fire giant skeleton (Vaults:3)
  5 centaur zombies
  3 elephants (Lair:5)
  2 gargoyles (D:12)
  An ice statue (IceCv)
  7 spiny frogs
  10 vault sentinels
  20 yaktaurs
  4 komodo dragons
  2 centaur skeletons
  3 kobold demonologists (D:14)
  2 rime drakes
  10 freezing wraiths
  An efreet (D:15)
  A jumping spider (shapeshifter) (Vaults:3)
  A queen bee (D:8)
  A troll (Orc:2)
  4 two-headed ogres
  A meliai (shapeshifter) (Vaults:2)
  A polar bear (shapeshifter) (Vaults:2)
  A wolf spider simulacrum (D:15)
  3 polar bears (Lair:6)
  23 merfolk
  9 hornets
  A hornet (shapeshifter) (Vaults:2)
  A two-headed ogre (shapeshifter) (D:14)
  7 wind drakes
  6 hippogriffs
  12 snapping turtles
  11 blink frogs (Lair:3)
  12 dream sheep
  A fire giant simulacrum (Vaults:1)
  An air elemental (Elf:2)
  2 redbacks (Lab)
  15 spriggans (Lair:6)
  10 water elementals
  3 spriggans (shapeshifter)
  2 wraiths
  2 wyverns
  A basilisk (Lair:2)
  A vampire (D:9)
  21 yaks
  3 fire elementals
  A human (shapeshifter) (Vaults:3)
  The ghost of epen the Skirmisher, an amateur DsMo (D:3)
  A steam dragon (D:12)
  A neqoxec (Abyss:3)
  4 vampire mosquitoes (D:13)
  6 hungry ghosts (Lab)
  3 human simulacra
  2 nagas (Lair:2)
  13 water moccasins
  A swamp worm (shapeshifter) (D:14)
  A mottled dragon (D:15)
  6 hell hounds (D:14)
  2 porcupines
  A swamp drake (D:9)
  27 orc warriors
  A hornet zombie (D:15)
  8 ice beasts
  6 sky beasts
  An eye of draining (D:12)
  3 black bears
  10 boggarts
  2 necrophages
  23 ogres
  2 phantoms
  25 wolves
  24 centaurs
  11 crocodiles
  8 big kobolds
  3 elf zombies (Elf:1)
  17 bullfrogs
  An earth elemental (Elf:2)
  4 scorpions
  A water moccasin skeleton (D:7)
  25 killer bees
  8 howler monkeys
  3 wights (D:9)
  2 vampire bats (Lair:6)
  2 electric eels
  7 crimson imps
  4 lava snakes (Lab)
  A quasit (D:6)
  A bullfrog skeleton (D:10)
  6 hounds
  23 orc priests
  2 bullfrog zombies
  4 jellies
  26 orc wizards
  An iron imp (Abyss:3)
  6 iguanas
  18 worker ants
  A worker ant zombie (D:7)
  15 adders
  2 shadow imps
  2 oozes
  An adder zombie (D:7)
  2 worms
  A dart slug (D:4)
  5 leopard geckos
  103 orcs
  6 giant cockroaches
  7 goblins
  9 hobgoblins
  15 jackals
  36 kobolds
  6 quokkas
  A ball python (D:2)
  10 bats
  4 frilled lizards
  A quokka zombie (D:6)
  12 rats
  2 plants
1198 creatures vanquished.

Vanquished Creatures (collateral kills)
  A deep elf sorcerer (Vaults:2)
  A deep elf death mage (Vaults:2)
  Harold (Lair:2)
  3 merfolk avatars
  Erica (Lair:2)
  2 merfolk aquamancers
  A tengu warrior (D:13)
  A death knight (Vaults:3)
  A death yak (Shoals:4)
  Urug (D:15)
  A sea snake (Shoals:4)
  A harpy (Shoals:1)
  3 fauns (Shoals:2)
  An orc knight (Vaults:1)
  6 ugly things
  5 deep elf magi
  A cyclops (D:11)
  An orc sorcerer (Orc:2)
  A centaur zombie (D:12)
  A vault sentinel (Vaults:2)
  A black mamba (Lair:2)
  3 elephants (Lair:5)
  A spiny frog (Lair:5)
  4 merfolk
  3 blink frogs (Lair:3)
  A two-headed ogre (D:9)
  A polar bear (Lair:6)
  A slime creature (Vaults:2)
  A dream sheep (Lair:4)
  An air elemental (Elf:1)
  A water elemental (Shoals:2)
  Sigmund (D:6)
  8 yaks
  A naga (Lair:2)
  A porcupine (Lair:1)
  An orc warrior (D:9)
  2 ice beasts (IceCv)
  3 ogres
  The ghost of epen the Insei, an amateur DgTm (D:4)
  A boggart (Vaults:3)
  5 wolves
  2 centaurs
  A big kobold (D:14)
  A killer bee (D:9)
  A wight (D:9)
  A hound (D:7)
  An orc wizard (Orc:2)
  A shadow imp (D:14)
  8 orcs
  2 kobolds
94 creatures vanquished.

Vanquished Creatures (others)
  A kraken (Shoals:2)
  3 merfolk impalers (Shoals:4)
  3 deep elf knights (Elf:2)
  A necromancer (D:12)
  3 manticores
  A salamander (D:15)
  A water elemental (Elf:2)
  An elf zombie (Elf:1)
  2 orcs (Vaults:1)
  4 fungi
  26 plants
  4 tentacles (Shoals:2)
50 creatures vanquished.

Grand Total: 1342 creatures vanquished

Notes
Turn   | Place    | Note
-------+----------+-------------------------------------------
     0 | Abyss:1  | epen the Demonspawn Abyssal Knight began the quest for the Orb.
     0 | Abyss:1  | Reached XP level 1. HP: 18/18 MP: 2/2
    12 | D:1      | Escaped the Abyss
    97 | D:1      | Reached skill level 1 in Dodging
   155 | D:1      | Gained mutation: A weak demonic guardian rushes to your aid. [demonic ancestry]
   155 | D:1      | Reached XP level 2. HP: 17/24 MP: 3/3
   720 | D:2      | Reached ** piety under Lugonu
   725 | D:2      | Found a sacrificial altar of Ru.
   852 | D:2      | Gained mutation: You sometimes gain a little power by taking damage. [demonic ancestry]
   852 | D:2      | Reached XP level 3. HP: 29/29 MP: 4/4
  1070 | D:2      | Found a radiant altar of Vehumet.
  1070 | D:2      | Found a basalt altar of Yredelemnul.
  1507 | D:2      | Found a glowing golden altar of the Shining One.
  1662 | D:3      | Noticed epen's ghost (amateur DsMo)
  1671 | D:3      | Gained mutation: You sometimes gain power by taking damage. [demonic ancestry]
  1671 | D:3      | Reached XP level 4. HP: 11/36 MP: 6/6
  1680 | D:3      | Killed epen's ghost
  1680 | D:3      | Gained mutation: You have large cloven feet. [demonic ancestry]
  1680 | D:3      | Reached XP level 5. HP: 15/42 MP: 7/7
  1976 | D:3      | Found a burning altar of Makhleb.
  1976 | D:3      | Found an ancient bone altar of Kikubaaqudgha.
  2434 | D:3      | Reached *** piety under Lugonu
  2496 | D:4      | Found a staircase to the Ecumenical Temple.
  2548 | D:4      | Gained mutation: You are powered by pain. [demonic ancestry]
  2548 | D:4      | Reached XP level 6. HP: 25/48 MP: 9/9
  3173 | D:4      | Noticed epen's ghost (amateur DgTm)
  3181 | D:4      | Killed epen's ghost
  3296 | D:4      | Gained mutation: You are partially covered in icy blue scales. (AC +2) [demonic ancestry]
  3296 | D:4      | Reached XP level 7. HP: 55/55 MP: 10/10
  3548 | D:5      | Entered Level 5 of the Dungeon
  4422 | D:4      | Reached skill level 5 in Invocations
  4985 | D:5      | Reached skill level 5 in Long Blades
  4996 | D:5      | Reached skill level 5 in Fighting
  4996 | D:5      | Reached XP level 8. HP: 47/62 MP: 12/12
  5286 | D:6      | Reached **** piety under Lugonu
  5454 | D:6      | Noticed Sigmund
  5465 | D:6      | Killed Sigmund
  6266 | D:7      | Found a hide-covered altar of Uskayaw.
  6351 | D:7      | Found Caets's Magic Scroll Shop.
  6359 | D:7      | Bought a scroll of magic mapping for 42 gold pieces
  6359 | D:7      | Bought a scroll of identify for 24 gold pieces
  6520 | D:7      | Reached XP level 9. HP: 64/69 MP: 13/13
  6604 | D:7      | Noticed Joseph
  6615 | D:7      | Killed Joseph
  6618 | D:7      | Found a blossoming altar of Fedhas.
  7224 | D:8      | Reached skill level 5 in Dodging
  7241 | D:8      | Gained mutation: You are dopey. (Int -2) [mutagenic meat]
  7242 | D:8      | Gained mutation: You possess an exceptional clarity of mind. [mutagenic meat]
  7243 | D:8      | Gained mutation: You are frail. (-10% HP) [mutagenic meat]
  7244 | D:8      | Gained mutation: You have a pair of small horns on your head. [mutagenic meat]
  7266 | D:8      | Reached skill level 5 in Armour
  7462 | D:8      | Noticed a queen bee
  7860 | D:8      | Reached ***** piety under Lugonu
  8158 | D:8      | Reached XP level 10. HP: 65/69 MP: 15/15
  8580 | D:9      | Found a sparkling altar of Nemelex Xobeh.
  8581 | D:9      | Found an opulent altar of Gozag.
  9088 | D:9      | Found a radiant altar of Vehumet.
  9705 | D:9      | Found a staircase to the Orcish Mines.
 10565 | D:9      | Found a shimmering altar of Xom.
 10621 | D:10     | Entered Level 10 of the Dungeon
 10645 | D:10     | Found a basalt altar of Yredelemnul.
 10713 | D:10     | Noticed an unseen horror
 10768 | D:10     | Killed an unseen horror
 10793 | D:10     | Gained mutation: A demonic guardian rushes to your aid. [demonic ancestry]
 10793 | D:10     | Reached XP level 11. HP: 52/75 MP: 17/17
 10965 | D:10     | Reached ****** piety under Lugonu
 10967 | D:10     | Noticed a hill giant
 10973 | D:10     | Killed a hill giant
 11212 | D:10     | Found a portal to a secret trove of treasure.
 11487 | D:11     | Found a staircase to the Lair.
 12245 | Lair:1   | Entered Level 1 of the Lair of Beasts
 12253 | Lair:1   | Found a labyrinth entrance.
 12262 | Lab      | Entered a labyrinth
 12366 | Lab      | Reached skill level 10 in Long Blades
 12405 | Lab      | Noticed an unseen horror
 12413 | Lab      | Killed an unseen horror
 13005 | Lab      | Noticed a minotaur
 13023 | Lab      | Killed a minotaur
 13035 | Lab      | Got a glittering jade amulet
 13259 | Lair:1   | Reached skill level 10 in Invocations
 13296 | Lair:1   | You fall through a shaft!
 13349 | Lair:2   | Noticed Harold
 13360 | Lair:2   | Killed Harold
 13616 | Lair:2   | Noticed Erica
 13624 | Lair:2   | Killed Erica
 13676 | Lair:2   | Found a staircase to the Snake Pit.
 13974 | Lair:2   | Noticed a five-headed hydra
 13979 | Lair:2   | Killed a three-headed hydra
 13979 | Lair:2   | Reached XP level 12. HP: 80/84 MP: 19/19
 15148 | Lair:2   | Identified the amulet "Qaerhog" {Harm *Drain MR++ Slay+2} (You found it in a labyrinth)
 15210 | Lair:3   | Got a brightly glowing chain mail
 15221 | Lair:3   | Identified the cursed +1 chain mail of Jesy {rElec Str+3} (You found it on level 3 of the Lair of Beasts)
 15267 | Lair:3   | Found a frozen archway.
 15287 | IceCv    | Entered an ice cave
 15405 | IceCv    | Got faintly glowing ice dragon scales
 15552 | Lair:3   | Noticed Fannar
 15565 | Lair:3   | Killed Fannar
 15887 | Lair:3   | Noticed a seven-headed hydra
 15893 | Lair:3   | Killed a four-headed hydra
 16078 | Lair:3   | Found a staircase to the Shoals.
 16662 | Lair:4   | Noticed a four-headed hydra
 16668 | Lair:4   | Killed a one-headed hydra
 16817 | Lair:4   | Identified the +12 ice dragon scales of Weusmid {rF- rC++ rCorr SInv Stlth+} (You found it in an ice cave)
 16940 | Lair:4   | Gained mutation: You have hoof-like feet. [demonic ancestry]
 16940 | Lair:4   | Reached XP level 13. HP: 90/90 MP: 21/21
 17617 | Lair:5   | Found a staircase to the Slime Pits.
 17617 | Lair:5   | Found a viscous altar of Jiyva.
 17882 | Lair:5   | Reached skill level 10 in Fighting
 18103 | Lair:6   | Entered Level 6 of the Lair of Beasts
 18188 | Lair:6   | Reached skill level 1 in Shields
 19313 | D:12     | Gained mutation: You have hooves in place of feet. [demonic ancestry]
 19313 | D:12     | Reached XP level 14. HP: 88/99 MP: 23/23
 20151 | D:12     | HP: 3/99 [yaktaur captain/bolt (19)]
 20642 | D:13     | Found Byiheqeu's Jewellery Shoppe.
 20645 | D:13     | Found a flickering gateway to a bazaar.
 20654 | Bazaar   | Entered a bazaar
 20654 | Bazaar   | Found Tegh's Distillery.
 20654 | Bazaar   | Found Paor's General Store.
 20655 | Bazaar   | Found Ofautedi's Magic Scroll Emporium.
 20655 | Bazaar   | Found Mowkar's General Store.
 20672 | Bazaar   | Bought a potion of heal wounds for 90 gold pieces
 20676 | Bazaar   | Bought a scroll of identify for 34 gold pieces
 20676 | Bazaar   | Bought a scroll of enchant weapon for 127 gold pieces
 20676 | Bazaar   | Bought a scroll of identify for 34 gold pieces
 20676 | Bazaar   | Bought a scroll of identify for 34 gold pieces
 20682 | Bazaar   | Bought a potion of curing for 27 gold pieces
 20682 | Bazaar   | Bought a potion of heal wounds for 45 gold pieces
 20682 | Bazaar   | Bought a potion of curing for 27 gold pieces
 20682 | Bazaar   | Bought a potion of curing for 27 gold pieces
 20682 | Bazaar   | Bought a potion of might for 36 gold pieces
 20954 | D:13     | Found Adiakhev's Book Shop.
 21416 | D:14     | Noticed Snorg
 21422 | D:14     | Killed Snorg
 21436 | D:14     | Noticed Azrael
 21577 | D:14     | Reached skill level 5 in Shields
 21718 | D:14     | Reached skill level 10 in Dodging
 21763 | D:14     | Banished Azrael
 21896 | D:14     | Found a shadowy altar of Dithmenos.
 22013 | D:14     | Found Dicemiro's Assorted Antiques.
 22017 | D:14     | Bought a scroll of teleportation for 105 gold pieces
 22017 | D:14     | Bought a scroll of teleportation for 105 gold pieces
 22059 | D:14     | Paralysed by a hornet for 1 turns
 22175 | D:14     | Found a gate to the Vaults.
 22412 | D:15     | Entered Level 15 of the Dungeon
 22517 | D:15     | Noticed Urug
 22523 | D:15     | Killed Urug
 22802 | D:15     | Gained mutation: You are mostly covered in icy blue scales. (AC +3) [demonic ancestry]
 22802 | D:15     | Reached XP level 15. HP: 106/106 MP: 25/25
 22914 | D:15     | Reached skill level 10 in Armour
 23013 | D:15     | Found a staircase to the Depths.
 23357 | Orc:1    | Entered Level 1 of the Orcish Mines
 23363 | Orc:1    | Noticed Nergalle
 23382 | Orc:1    | Killed Nergalle
 23451 | Orc:1    | Found a roughly hewn altar of Beogh.
 23717 | Orc:1    | Found Geskuj's Distillery.
 23720 | Orc:1    | Bought a potion of heal wounds for 75 gold pieces
 23879 | Orc:2    | Entered Level 2 of the Orcish Mines
 24337 | Orc:2    | Identified a scroll of acquirement
 24338 | Orc:2    | Got a dazzling trident
 24339 | Orc:2    | Identified the +5 trident of Psychosis {pierce, rF+ rN+ Int+8} (You acquired it on level 2 of the Orcish Mines)
 24390 | Orc:2    | Found a staircase to the Elven Halls.
 24810 | Orc:2    | Found Saen Mef's Food Shoppe.
 24810 | Orc:2    | Found Xuyqixes's Armour Shop.
 24812 | Orc:2    | Found Agirut's Food Shoppe.
 24812 | Orc:2    | Found Yfueh's Gadget Shop.
 25107 | Shoals:1 | Entered Level 1 of the Shoals
 27109 | Shoals:2 | Noticed a kraken
 27112 | Shoals:2 | Banished a kraken
 27735 | Shoals:2 | Reached XP level 16. HP: 46/114 MP: 27/27
 28546 | Shoals:3 | Reached skill level 15 in Long Blades
 28789 | Shoals:4 | Entered Level 4 of the Shoals
 29458 | Shoals:4 | Found Raeqiaku's Book Boutique.
 29572 | Shoals:4 | Reached skill level 15 in Invocations
 30016 | Shoals:4 | Got a barnacled rune of Zot
 30116 | Shoals:4 | Noticed Ilsuiw
 30128 | Shoals:4 | Killed Ilsuiw
 30361 | Shoals:4 | Noticed Polyphemus
 30368 | Shoals:4 | Banished Polyphemus
 31032 | Vaults:1 | Entered Level 1 of the Vaults
 31150 | Vaults:1 | Got a dazzling chain mail
 31154 | Vaults:1 | Identified the +1 chain mail "Tecaips" {rF+} (You found it on level 1 of the Vaults)
 31480 | Vaults:1 | Gained mutation: A powerful demonic guardian rushes to your aid. [demonic ancestry]
 31480 | Vaults:1 | Reached XP level 17. HP: 121/121 MP: 28/28
 32048 | Vaults:1 | Gained mutation: You are resistant to hostile enchantments. (MR+) [potion of beneficial mutation]
 32363 | Vaults:1 | Noticed a Brimstone Fiend
 32832 | Vaults:2 | Paralysed by a hornet for 1 turns
 33471 | Vaults:2 | Found a staircase to the Crypt.
 34040 | Vaults:2 | HP: 6/123 [red ugly thing (14)]
 34058 | Vaults:2 | HP: 3/123 [slime creature (14)]
 34743 | Vaults:3 | Noticed Boris
 34767 | Vaults:3 | Killed Boris
 34767 | Vaults:3 | Reached XP level 18. HP: 122/130 MP: 30/30
 36745 | Vaults:3 | Noticed Donald
 36758 | Vaults:3 | Banished Donald
 37432 | Elf:1    | Entered Level 1 of the Elven Halls
 37854 | Elf:1    | Identified the Compendium of Black Arts
 38073 | Elf:1    | Found Xigangi's Armour Shop.
 38400 | Elf:2    | Found a flickering gateway to a bazaar.
 38410 | Bazaar   | Entered a bazaar
 38412 | Bazaar   | Found Paiga's Armour Boutique.
 38416 | Bazaar   | Found Comaril's Magic Scroll Boutique.
 38416 | Bazaar   | Found Ledaronao's Magic Scroll Boutique.
 38417 | Bazaar   | Found Kuyhag's General Store.
 38427 | Bazaar   | Bought a scroll of blinking for 82 gold pieces
 38427 | Bazaar   | Bought a scroll of teleportation for 33 gold pieces
 38432 | Bazaar   | Bought a potion of beneficial mutation for 455 gold pieces
 38432 | Bazaar   | Gained mutation: You evolve. [potion of beneficial mutation]
 38451 | Bazaar   | Bought a +1 hat for 132 gold pieces
 38474 | Bazaar   | Bought a scroll of fear for 38 gold pieces
 38954 | Elf:2    | Cast into level 3 of the Abyss (war axe of distortion)
 39069 | Elf:2    | Escaped the Abyss
 39170 | Elf:2    | Gained mutation: You are completely covered in icy blue scales. (AC +4, rC+) [demonic ancestry]
 39170 | Elf:2    | Reached XP level 19. HP: 137/137 MP: 31/31
 39181 | Elf:2    | Found a runed door.
 39203 | Elf:2    | Found a runed door.
 40059 | Elf:2    | HP: 6/137 [vampiric lajatang (28)]
 40060 | Elf:2    | HP: 1/137 [deep elf knight/orb of energy (6)]
 40060 | Elf:2    | Killed from afar by a deep elf knight

Skill      XL: |  1  2  3  4  5  6  7  8  9 10 11 12 13 14 15 16 17 18 19 |
---------------+----------------------------------------------------------+-----
Long Blades    | 2 3 4 5 6 7 9 10 12 13 14 15 16 17 | 17.7
Dodging        | 1 2 3 4 5 6 7 8 9 10 11 12 13 | 13.2
Armour         | 2 3 4 5 6 7 8 9 10 11 12 13 | 13.2
Invocations    | 3 4 5 6 7 9 10 11 12 13 14 15 16 17 | 17.7
Fighting       | 4 5 6 7 8 9 10 11 12 13 14 | 14.6
Shields        | 3 5 6 7 |  7.1

Action                   |  1- 3 |  4- 6 |  7- 9 | 10-12 | 13-15 | 16-18 | 19-21 || total
-------------------------+-------+-------+-------+-------+-------+-------+-------++-------
Melee: Falchion          |    95 |    80 |   308 |    48 |       |       |       ||   531
       Kick              |       |    23 |    96 |    25 |   354 |   626 |    32 ||  1156
       Headbutt          |       |       |    19 |   144 |   326 |   431 |    20 ||   940
       Scimitar          |       |       |       |   548 |  1336 |   857 |       ||  2741
       Great sword       |       |       |       |       |       |   690 |    46 ||   736
       Triple sword      |       |       |       |       |       |       |    49 ||    49
Throw: Throwing net      |       |       |       |     1 |       |     3 |       ||     4
Invok: Banish            |       |       |       |     1 |     7 |    17 |       ||    25
       Bend Space        |       |       |       |       |       |     1 |       ||     1
Evoke: Wand              |       |       |       |     2 |     4 |     4 |       ||    10
  Use: Scroll            |       |     3 |    16 |    14 |     6 |     9 |     1 ||    49
       Potion            |       |       |     2 |     4 |     1 |     2 |       ||     9
 Stab: Distracted        |       |       |     2 |     2 |     8 |     4 |       ||    16
       Held in net/web   |       |       |       |     1 |       |       |       ||     1
       Petrified         |       |       |       |       |       |     4 |       ||     4
  Eat: Chunk             |     2 |     5 |    20 |    19 |    33 |    37 |     2 ||   118
       Pizza             |       |       |       |     3 |       |       |       ||     3
       Royal jelly       |       |       |       |     2 |       |     1 |     1 ||     4
       Meat ration       |       |       |       |     2 |     1 |     1 |       ||     4
Armor: Leather armour    |     2 |       |       |       |       |       |       ||     2
       Ring mail         |    44 |    20 |       |       |       |       |       ||    64
       Scale mail        |       |     3 |   137 |   192 |       |       |       ||   332
       Chain mail        |       |       |       |    63 |     4 |       |       ||    67
       Ice dragon scales |       |       |       |     5 |   654 |   665 |    52 ||  1376
Dodge: Dodged            |    60 |    39 |   199 |   381 |   800 |   805 |    29 ||  2313
Block: Buckler           |       |       |       |       |   299 |   150 |       ||   449
       Rpst.: Falchion   |    21 |    10 |    59 |    14 |       |       |       ||   104
       Scimitar          |       |       |       |    95 |   187 |    79 |       ||   361
       Great sword       |       |       |       |       |       |    89 |     2 ||    91
       Triple sword      |       |       |       |       |       |       |     9 ||     9
